 Dungeon Crawl Stone Soup version 0.20.1-1-g8b1a95d (webtiles) character file.

6852 Chaoticas the Severer (level 10, -2/84 HPs)
             Began as a Minotaur Fighter on July 23, 2017.
             Was an Elder of Yredelemnul.
             Slain by a rakshasa
             ... wielding a +0 whip
              (8 damage)
             ... on level 9 of the Dungeon.
             The game lasted 00:22:18 (8125 turns).

Chaoticas the Severer (Minotaur Fighter)            Turns: 8125, Time: 00:22:19

Health: -2/84      AC: 14    Str: 23    XL:     10   Next: 78%
Magic:  23/23      EV:  4    Int:  6    God:    Yredelemnul [****..]
Gold:   527        SH:  9    Dex: 10    Spells: 9/9 levels left

rFire    . . .     SeeInvis .   D - +2 war axe (freeze)
rCold    . . .     Gourm    .   c - +0 shield
rNeg     . . .     Faith    .   l - +1 plate armour
rPois    .         Spirit   .   u - +1 hat
rElec    .         Reflect  .   (no cloak)
rCorr    .         Harm     .   (no gloves)
MR       .....                  (no boots)
Stlth    ..........             (no amulet)
Regen    0.3/turn               i - ring of magical power
MPRegen  0.2/turn               k - ring of wizardry

@: no status effects
A: retaliatory headbutt, horns 2
a: Recall Undead Slaves, Injury Mirror, Animate Dead, Drain Life, Renounce
Religion


You were on level 9 of the Dungeon.
You worshipped Yredelemnul.
Yredelemnul was greatly pleased with you.
You were hungry.

You visited 1 branch of the dungeon, and saw 9 of its levels.
You also visited: Ossuary and Bailey.

You collected 527 gold pieces.

Inventory:

Hand Weapons
 D - a +2 war axe of freezing (weapon)
   (You took it off an orc on level 3 of the Dungeon)
 T - a +2 hand axe of flaming
   (You took it off a big kobold on level 8 of the Dungeon)
Missiles
 g - 16 tomahawks (quivered)
 N - 14 tomahawks of returning
Armour
 c - a +0 shield (worn)
 e - a +0 cloak
   (You took it off Crazy Yiuf on level 5 of the Dungeon)
 l - a +1 plate armour (worn)
   (You found it on level 2 of the Dungeon)
 u - a +1 hat (worn)
   (You found it on level 3 of the Dungeon)
 K - a +0 pair of boots
   (You found it on level 5 of the Dungeon)
Jewellery
 i - a ring of magical power (left hand)
   (You found it on level 1 of the Dungeon)
 k - a ring of wizardry (right hand)
   (You found it on level 1 of the Dungeon)
 C - an uncursed ring of protection from cold {unknown}
   (You found it on level 7 of the Dungeon)
 F - an uncursed ring of stealth {unknown}
   (You found it on level 4 of the Dungeon)
 I - a cursed ring of loudness {unknown}
   (You found it on level 5 of the Dungeon)
Wands
 d - a wand of iceblast (6/15)
   (You found it on level 3 of the Dungeon)
 f - a wand of lightning (3/15)
   (You found it on level 3 of the Dungeon)
 r - a wand of polymorph (12/24)
   (You found it on level 4 of the Dungeon)
 v - a wand of digging (13/24)
   (You found it on level 6 of the Dungeon)
 y - a wand of confusion (24/48)
   (You found it on level 2 of the Dungeon)
 A - a wand of confusion (32/48)
   (You found it on level 3 of the Dungeon)
 H - a wand of lightning (3/15)
   (You found it on level 6 of the Dungeon)
 J - a wand of clouds (5/9)
   (You found it on level 6 of the Dungeon)
 P - a wand of iceblast (8/15)
   (You found it on level 8 of the Dungeon)
 Q - a wand of polymorph (14/24)
   (You found it on level 8 of the Dungeon)
Scrolls
 j - 8 scrolls of teleportation {@r4}
 m - 13 scrolls of identify {@r1}
 o - 3 scrolls of magic mapping
 p - 7 scrolls of remove curse {@r2}
 M - a scroll of immolation {unknown}
Potions
 a - a potion of resistance {unknown}
 b - a potion of flight {unknown}
 h - a potion of mutation {unknown}
 n - a potion of lignification {unknown}
 s - 5 potions of heal wounds {unknown}
 t - 3 potions of ambrosia {unknown}
 w - 2 potions of brilliance {unknown}
 x - 4 potions of agility {unknown}
 z - 5 potions of curing {unknown}
 O - a potion of magic {unknown}
 R - a potion of degeneration {unknown}
Books
 L - a book of Misfortune
   (You found it on level 8 of the Dungeon)
Comestibles
 q - 9 bread rations
 B - 6 chunks of flesh
 E - 24 fruits
 G - 3 meat rations
 S - 5 royal jellies


   Skills:
 + Level 6.6 Fighting
 * Level 15.1 Axes
 + Level 6.5 Armour
 - Level 3.6 Shields
 * Level 7.4 Invocations


You had 9 spell levels left.
You didn't know any spells.

Dungeon Overview and Level Annotations

Branches:
Dungeon (9/15)             Temple (0/1) D:6
   Lair: D:8-11         Orc: D:9-12

Altars:
Cheibriados
Dithmenos
Elyvilon
Fedhas
Kikubaaqudgha
Makhleb
Nemelex Xobeh
Okawaru
Qazlal
Ru
Trog
Uskayaw
Xom
Yredelemnul
Zin
The Shining One

Shops:
D:7 =   D:9 [*[


Innate Abilities, Weirdness & Mutations

You reflexively headbutt those who attack you in melee.
You have a pair of horns on your head.


Message History

The mystic blast hits your orc knight zombie.
Your orc knight zombie is destroyed!
The rakshasa completely misses your centaur zombie.
You completely miss the rakshasa.
Your ogre zombie barely misses the rakshasa.
Your centaur zombie hits the rakshasa but does no damage.
You barely miss the rakshasa. You hit the rakshasa but do no damage.
The rakshasa blinks!
Your centaur zombie barely misses the rakshasa.
Your centaur zombie closely misses the rakshasa.
The rakshasa hits you but does no damage. x2
Your centaur zombie hits the rakshasa but does no damage.
The rakshasa hits your centaur zombie with a whip!
Your centaur zombie is destroyed!
The rakshasa hits you with a whip!
* * * LOW HITPOINT WARNING * * *
Your ogre zombie misses the rakshasa.
You closely miss the rakshasa.
The rakshasa blinks!
The rakshasa hits your ogre zombie with a whip!
You block the rakshasa's attack.
You hit the rakshasa but do no damage. You closely miss the rakshasa.
Your ogre zombie barely misses the rakshasa.
You block the rakshasa's attack.
The rakshasa hits your ogre zombie with a whip.
The rakshasa hits you but does no damage.
Your plate armour prevents you from hitting the rakshasa.
You slash the rakshasa! You freeze the rakshasa.
Unknown command.
You closely miss the rakshasa. x2; The rakshasa hits you with a whip.
* * * LOW HITPOINT WARNING * * *
The rakshasa hits your ogre zombie with a whip!
The rakshasa hits you with a whip!
* * * LOW HITPOINT WARNING * * *
Your ogre zombie closely misses the rakshasa.
You slice the rakshasa!! You freeze the rakshasa.
You kill the rakshasa!
Your plate armour prevents you from hitting the rakshasa.
The rakshasa hits you with a whip.
* * * LOW HITPOINT WARNING * * *
The rakshasa hits your ogre zombie with a whip!!
Your ogre zombie is destroyed!
You completely miss the rakshasa. Your headbutt misses the rakshasa.
The rakshasa hits you but does no damage.
Unknown command.
You closely miss the rakshasa. Your headbutt misses the rakshasa.
You block the rakshasa's attack.
Unknown command.
You miss the rakshasa. x2; The rakshasa hits you with a whip!
You die...
Your body rises from the dead as a mindless zombie.

#.....#..#
#>....#..#
+.....'..#
#.....##(#
#.######(#
#.#.....(#
#.#......#...
#......#... .
+...@.)#..###..
#...RR.#..#....
#######).#......#
.........#ll..#
..####...#.5# .
#...'###...#
#........#
##########


You could see 2 rakshasas.

Vanquished Creatures
  A hydra (D:8)
  The ghost of Dharilos the Grappler, a novice DrTm of Sif Muna (D:8)
  An orc knight (D:9)
  2 dream sheep (D:8)
  A hippogriff (D:7)
  2 yaks (D:8)
  A wyvern (D:9)
  The ghost of Chaoticas the Digger, an amateur GrEE (D:3)
  2 water moccasins (D:7)
  2 orc warriors
  3 ice beasts
  2 phantoms
  An eye of draining (D:9)
  A sky beast (D:8)
  3 ogres
  2 centaurs (D:9)
  3 big kobolds (D:8)
  4 bullfrogs
  2 scorpions
  A jelly (D:6)
  8 killer bees
  3 wights (D:8)
  A howler monkey (D:4)
  5 centaur zombies
  4 crimson imps
  2 orc priests (D:8)
  3 hounds
  Crazy Yiuf (D:5)
  2 bullfrog skeletons
  A centaur skeleton (D:8)
  A gnoll shaman (D:7)
  An iguana (D:4)
  6 orc wizards
  7 worker ants
  3 big kobold zombies (Ossuary)
  4 mummies (Ossuary)
  A howler monkey skeleton (D:6)
  12 gnolls
  12 adders
  2 shadow imps
  An ooze (D:3)
  2 adder skeletons
  2 worms
  A dart slug (D:5)
  2 leopard geckos (D:3)
  32 orcs
  A ball python (D:6)
  7 giant cockroaches
  9 goblins
  9 hobgoblins
  4 jackals
  A quokka (D:2)
  A bat (D:2)
  8 frilled lizards
  3 hobgoblin zombies (Ossuary)
  A jackal skeleton (D:4)
  18 kobolds
  A quokka zombie (D:7)
  4 rats
222 creatures vanquished.

Vanquished Creatures (collateral kills)
  An ogre (D:9)
  A wight (D:8)
  An orc priest (D:8)
  A leopard gecko (D:9)
  An orc (D:8)
5 creatures vanquished.

Vanquished Creatures (others)
  3 flying skulls (D:9)
  A centaur zombie (D:9)
  An ogre zombie (D:9)
  A mummy (D:8)
  A gnoll zombie (D:8)
  A hobgoblin zombie (Bailey)
  2 kobold zombies (Bailey)
  4 orc zombies
14 creatures vanquished.

Grand Total: 241 creatures vanquished

Notes
Turn   | Place    | Note
-------+----------+-------------------------------------------
     0 | D:1      | Chaoticas the Minotaur Fighter began the quest for the Orb.
     0 | D:1      | Reached XP level 1. HP: 19/19 MP: 0/0
   292 | D:1      | Reached skill level 3 in Axes
   422 | D:1      | Reached XP level 2. HP: 26/26 MP: 1/1
   834 | D:2      | Reached skill level 4 in Axes
   838 | D:2      | Reached XP level 3. HP: 21/31 MP: 2/2
  1437 | D:2      | Found a shadowy altar of Dithmenos.
  1441 | D:2      | Found a bloodstained altar of Trog.
  1449 | D:2      | Found a blossoming altar of Fedhas.
  1452 | D:2      | Found a glowing silver altar of Zin.
  1476 | D:2      | Found a sparkling altar of Nemelex Xobeh.
  1573 | D:3      | Reached skill level 5 in Axes
  1617 | D:3      | Found an ancient bone altar of Kikubaaqudgha.
  1662 | D:3      | Reached XP level 4. HP: 39/39 MP: 3/3
  1712 | D:3      | Noticed Chaoticas's ghost (amateur GrEE)
  1722 | D:3      | Killed Chaoticas's ghost
  1722 | D:3      | Reached skill level 6 in Axes
  1722 | D:3      | Reached XP level 5. HP: 40/45 MP: 4/4
  1739 | D:3      | Reached skill level 7 in Axes
  2244 | D:3      | Found a white marble altar of Elyvilon.
  2301 | D:3      | Found a basalt altar of Yredelemnul.
  2311 | D:3      | Became a worshipper of Yredelemnul the Dark
  2620 | D:4      | Found a sand-covered staircase.
  2629 | Ossuary  | Entered an ossuary
  2633 | Ossuary  | Reached XP level 6. HP: 47/51 MP: 5/5
  2714 | Ossuary  | Reached skill level 8 in Axes
  2951 | D:4      | Reached skill level 9 in Axes
  2953 | D:4      | Reached * piety under Yredelemnul
  3047 | D:4      | Reached XP level 7. HP: 57/57 MP: 6/6
  3426 | D:4      | Reached skill level 10 in Axes
  3504 | D:5      | Entered Level 5 of the Dungeon
  4145 | D:5      | Found a glowing golden altar of the Shining One.
  4202 | D:5      | Found a runed door.
  4273 | D:5      | Reached skill level 11 in Axes
  4273 | D:5      | Reached XP level 8. HP: 64/64 MP: 7/7
  4702 | D:5      | Noticed Crazy Yiuf
  4706 | D:5      | Killed Crazy Yiuf
  4814 | D:6      | Reached skill level 12 in Axes
  4819 | D:6      | Reached ** piety under Yredelemnul
  5235 | D:6      | Found a staircase to the Ecumenical Temple.
  5347 | D:6      | Reached skill level 13 in Axes
  5568 | D:7      | Found Deotuedo's Jewellery Boutique.
  5598 | D:7      | Reached skill level 1 in Invocations
  5739 | D:7      | Found a burning altar of Makhleb.
  5742 | D:7      | Found an iron altar of Okawaru.
  5742 | D:7      | Found a hide-covered altar of Uskayaw.
  5742 | D:7      | Found a sacrificial altar of Ru.
  5743 | D:7      | Found a stormy altar of Qazlal.
  5743 | D:7      | Found a shimmering altar of Xom.
  5781 | D:7      | Reached XP level 9. HP: 70/70 MP: 9/9
  5874 | D:7      | Found a flagged portal.
  5931 | Bailey   | Entered a bailey
  5946 | Bailey   | Noticed an orc warlord
  5952 | Bailey   | Reached *** piety under Yredelemnul
  6032 | Bailey   | Noticed Zdeegee's ghost (novice MiFi)
  6287 | D:7      | Found a snail-covered altar of Cheibriados.
  6589 | D:7      | Received a gift from Yredelemnul (a mummy)
  6899 | D:8      | Reached skill level 14 in Axes
  6916 | D:8      | Reached skill level 5 in Invocations
  6943 | D:8      | Noticed Dharilos's ghost (novice DrTm)
  6962 | D:8      | Killed Dharilos's ghost
  6962 | D:8      | Reached skill level 5 in Fighting
  6962 | D:8      | Reached XP level 10. HP: 8/81 MP: 13/13
  7217 | D:8      | Reached skill level 5 in Armour
  7268 | D:8      | Reached **** piety under Yredelemnul
  7795 | D:8      | Noticed a three-headed hydra
  7820 | D:8      | Killed a one-headed hydra
  7954 | D:9      | Found Qyth's Assorted Antiques.
  7954 | D:9      | Found Putres's Armour Shop.
  7957 | D:9      | Found Vuboidogu's Antique Armour Emporium.
  8053 | D:9      | Reached skill level 15 in Axes
  8053 | D:9      | Received a gift from Yredelemnul (3 flying skulls)
  8073 | D:9      | Noticed an orc knight
  8074 | D:9      | Noticed a rakshasa
  8096 | D:9      | Killed an orc knight
  8125 | D:9      | Slain by a rakshasa

Skill      XL: |  1  2  3  4  5  6  7  8  9 10 |
---------------+-------------------------------+-----
Axes           | 3 4 5 6 7 9 11 13 14 15 | 15.1
Invocations    | 2 5 7 |  7.4
Fighting       | 5 6 |  6.6
Armour         | 4 6 |  6.5
Shields        | |  3.6

Action                   |  1- 3 |  4- 6 |  7- 9 | 10-12 || total
-------------------------+-------+-------+-------+-------++-------
Melee: War axe           |    94 |   157 |   333 |   127 ||   711
       Headbutt          |     9 |    30 |    47 |    25 ||   111
       Hand axe          |       |       |       |     7 ||     7
Invok: Animate Dead      |       |       |     1 |     2 ||     3
  Use: Scroll            |       |     7 |     4 |       ||    11
       Potion            |       |       |     1 |       ||     1
  Eat: Chunk             |     2 |     5 |    11 |     4 ||    22
       Royal jelly       |       |       |     1 |       ||     1
Armor: Scale mail        |    17 |       |       |       ||    17
       Plate armour      |    42 |    68 |   169 |    61 ||   340
Dodge: Dodged            |    18 |    14 |    61 |    14 ||   107
Block: Shield            |    41 |    66 |   143 |    46 ||   296
